[Event "1st Bangalore GM-Open-A 2024"]
[Site "Bangalore"]
[Date "2024.01.19"]
[Round "3.3"]
[White "Aronyak Ghosh"]
[Black "Laxman, R.R."]
[Result "1/2-1/2"]
[ECO "A07"]
[WhiteElo "2541"]
[BlackElo "2338"]
[Annotator "TA"]
[PlyCount "163"]
[EventDate "2024.01.20"]
[EventType "swiss"]
[EventCountry "IND"]
[SourceTitle "playchess.com"]
[Source "ChessBase"]
[SourceQuality "1"]
[TimeControl "5400+30"]

1. Nf3 Nf6 2. g3 d5 3. Bg2 c6 4. O-O Bg4 5. h3 Bh5 {[%emt 0:00:19] [#]} 6. c4 $1 {[%emt 0:00:29] A07: Réti Opening: New York and Capablanca Systems.} e6 7. d4 Nbd7 8. cxd5 cxd5 9. Nc3 Bd6 {[%emt 0:00:43] [#]} 10. Nh4 $146 ({Predecessor:} 10. Qb3 Qb6 11. e4 Nxe4 12. Nxe4 dxe4 13. Ng5 Qxb3 14. axb3 Nf6 15. Nxe4 Nxe4 16. Bxe4 {½-½ Berkes,F (2651)-Pranav,V (2530) ROM-chT Oradea 2022 (8.3)}) 10... O-O 11. f4 Rc8 12. Qd3 Bb4 13. f5 (13. g4 $11 Bxc3 14. bxc3) 13... Bxc3 $15 14. bxc3 exf5 15. Nxf5 Re8 16. g4 Bg6 17. Bg5 Qa5 18. Bd2 Ne4 19. Be1 Qa3 (19... Nxc3 $2 20. Rc1 $18) (19... Qd8 $17) 20. c4 {[%emt 0:06:49][%mdl 64] Discovered Attack} Qb2 21. Rb1 Qxa2 22. cxd5 Qxd5 23. Bh4 {[%emt 0:04:50] This pair of bishops is nice.} Qe6 $2 (23... Bxf5 $1 $11 24. Rxf5 Qe6) 24. Rxb7 (24. d5 $1 $18 Qe5 25. Qxe4 (25. Rxb7 $2 Nec5 $19) 25... Qxe4 26. Bxe4 Rxe4 27. Rxb7 Bxf5 28. Rxf5) 24... Ndf6 $2 (24... Bxf5 $11 {and Black is okay.} 25. Rxf5 (25. gxf5 Qh6 $11) 25... Rc1+ 26. Rf1 Rxf1+ 27. Kxf1 Ndf6) 25. Rxa7 $2 (25. Bxe4 $1 $18 Qxe4 26. Qxe4 {[%mdl 64] Remove Defender} (26. Rxa7 $2 Bxf5 {[%mdl 64] Pin} 27. Qxe4 Bxe4 $19) 26... Nxe4 27. Ne7+ (27. Rxa7 Bxf5 28. Rxf5 f6 $11) 27... Rxe7 28. Rxe7) 25... Bxf5 $11 26. gxf5 Qb6 27. Ra6 Qb2 28. Bxf6 Nxf6 29. Bf3 Rc3 30. Qd1 (30. Rb1 $11 {keeps the balance.} Rc1+ 31. Rxc1 Qxc1+ 32. Kg2) 30... Rce3 31. Qa4 ({White should try} 31. Rf2) 31... Qb8 $17 32. Rf2 Qb1+ 33. Kg2 Qxf5 34. Ra8 Qg5+ 35. Kf1 (35. Bg4 $17 {was called for.}) 35... Rxa8 36. Qxa8+ Re8 37. Qc6 {[%emt 0:00:57] Wards off Qc1+} Qe3 38. Qd6 h6 39. d5 $2 (39. Kg2 $17 {might work better.}) 39... Rc8 40. Kg2 Rc1 (40... Ne4 $1 $19 41. Bxe4 Qxe4+ 42. Kh2 Rc1) 41. Qg3 {[%emt 0:00:47] [#]} (41. Rf1 $17 {was worth a try.}) 41... Nxd5 $1 42. Kh2 (42. Bxd5 $2 {perishes.} Rg1+ 43. Kxg1 Qxg3+ 44. Bg2 Qe3 $19) (42. Qb8+ $2 Kh7 43. Bxd5 Qg5+ 44. Qg3 Rg1+ 45. Kxg1 Qxg3+ 46. Bg2 Qe3 $19) 42... Nf6 ({Stronger than} 42... Nf4 43. Ba8 Qxg3+ 44. Kxg3 Nh5+ 45. Kf3 $17) 43. Rg2 g5 44. h4 Rc5 45. hxg5 hxg5 46. Qf2 Qe5+ 47. Qg3 Qe3 48. Qf2 $1 Qc3 49. Qh4 {[%emt 0:00:23] Against Ne4} Qa5 (49... Qd2 $142 50. Qg3 Kg7) 50. Qh6 Qc7+ 51. Rg3 Qd6 {[%emt 0:01:30][%cal Of6g4] ( -> ...Ng4+!)} 52. Kg2 {[%emt 0:00:48] [#] Intending Rh3 and mate.} Ne4 $1 {[%emt 0:00:02][%mdl 64] Discovered Attack} 53. Rh3 (53. Qxd6 Nxd6) 53... Qxh6 54. Rxh6 {[%emt 0:00:02][%mdl 4096] Endgame KRB-KRN} Kg7 {[%emt 0:00:18] Dodges Bxe4} 55. Rb6 Nf6 56. Kf2 Re5 57. Bb7 Ng4+ ({Better is} 57... g4 58. Ba6 Ne4+ 59. Kg2 f6) 58. Kf3 Nf6 (58... Nh2+ $17 59. Kf2 Rf5+ 60. Kg2 (60. Kg3 Nf1+ 61. Kg4 Ne3+ 62. Kh5 Kf8 $17) 60... Ng4) 59. e4 (59. Kf2 $1 $11) 59... Rc5 60. Ke3 Nd7 61. Ra6 (61. Rb1 $17) 61... Rc7 62. Bd5 f6 (62... Ne5 $142 $1 {aiming for ...Rc1.} 63. Ra1 Kg6 64. Ra6+ f6) 63. Ra8 Ne5 {[%emt 0:01:06] Hoping for ...g4.} 64. Be6 (64. Rg8+ $142 Kh7 65. Rf8) 64... Rc3+ $19 65. Ke2 Rc2+ 66. Ke3 Rc7 $2 (66... g4 $1 $19 67. Rg8+ Kh7) 67. Rg8+ $15 Kh7 68. Rf8 Rc6 69. Re8 Rc3+ 70. Ke2 $2 {[%emt 0:00:15] [#]} (70. Kd2 $1 $15 Rc6 71. Ke3) 70... Ra3 $2 (70... g4 $1 $19 {...g3 would be deadly.} 71. Kf2 Kg6 72. Rg8+ Kh5) 71. Bf5+ Kg7 {[%emt 0:00:07] White must now prevent ...g4.} 72. Re7+ Kf8 73. Rb7 g4 74. Kf2 {[%emt 0:00:43] [#]} Nd3+ $1 75. Kg1 g3 76. e5 fxe5 (76... Nf4 $17 77. Rb8+ Kg7 78. Rb7+ Kh6 79. exf6 Ra2) 77. Bxd3 $11 {[%emt 0:00:21] The position is equal.} Rxd3 $17 {[%emt 0:00:01] KR-KR} 78. Kg2 Ke8 79. Rb5 Re3 80. Rb7 Kd8 81. Rg7 Rd3 82. Rxg3 {[%emt 0:01:20] What a bad dream for Black.   Weighted Error Value: White=0.31/Black=0.28 (precise)} 1/2-1/2

[Event "1st Bangalore GM-Open-A 2024"]
[Site "Bangalore"]
[Date "2024.01.19"]
[Round "3.4"]
[White "Pranav Anand"]
[Black "Nguyen, Duc Hoa"]
[Result "1-0"]
[ECO "B76"]
[WhiteElo "2513"]
[BlackElo "2322"]
[Annotator "TA"]
[PlyCount "107"]
[EventDate "2024.01.20"]
[EventType "swiss"]
[EventCountry "IND"]
[SourceTitle "playchess.com"]
[Source "ChessBase"]
[SourceQuality "1"]
[TimeControl "5400+30"]

1. e4 c5 2. Nf3 d6 3. d4 cxd4 4. Nxd4 Nf6 5. Nc3 g6 6. f3 Bg7 7. Be3 Nc6 8. Qd2 O-O 9. O-O-O d5 10. exd5 Nxd5 11. Nxc6 bxc6 12. Bd4 Bxd4 13. Qxd4 Qb6 14. Na4 Qa5 {[%emt 0:01:01][%cal Oe7e5] B76: Sicilian Dragon: Yugoslav Attack, 9 g4 and 9 0-0-0.} 15. b3 Be6 16. Qe5 Qb4 {[%emt 0:03:08] White is slightly better.} 17. h4 Rad8 {[%emt 0:09:17] [#]} 18. Bd3 $146 ({Predecessor:} 18. Re1 Bf5 19. Bc4 Nb6 20. Qc3 Qa3+ 21. Nb2 Qxa2 22. Nd3 Nxc4 23. Qxc4 Bxd3 24. cxd3 Qxg2 25. h5 Rd5 26. hxg6 hxg6 27. Qc3 e5 28. Rh4 Qg5+ {0-1 Eggleston,D (2404)-Zwahr,P (2326) Douglas PokerStars op 2015 (5)}) 18... Rd6 19. g3 (19. Kb2 {with more complications.} Rb8 20. Nc3 a5 21. Nxd5 Rxd5 22. Qc3) 19... f6 20. Qb2 Rfd8 21. Rde1 Bf5 22. a3 Qa5 23. Bc4 (23. Qd4 $14) 23... Kf8 $11 24. Kb1 Nb6 25. Nxb6 {[%emt 0:00:31] [#] Hoping for Na4.} Rd2 $1 26. Rc1 {[%emt 0:09:44] Black must now prevent Na4.} Qxb6 27. g4 Bc8 (27... Bd3 $11) 28. h5 (28. Qc3 $1 $14 {was preferrable.}) 28... g5 $1 29. h6 Ba6 30. Bxa6 Qxa6 31. f4 gxf4 32. g5 $1 c5 (32... fxg5 $2 33. Qh8+ Kf7 34. Qxh7+ Ke8 35. Qg7 Qxa3 36. h7 $18) 33. Qc3 R2d5 (33... Qxa3 $2 34. g6 Qb4 35. gxh7 $18) 34. Rcg1 Qe6 {[%emt 0:02:11] Strongly threatening ...Qe5.} (34... fxg5 $2 35. Qh8+ Kf7 36. Qxh7+ Kf8 37. Qh8+ Kf7 38. Qg7+ Ke8 39. Qg8+ Kd7 40. Qxd5+ $18) 35. gxf6 Qxf6 36. Qf3 c4 $1 37. Qg4 (37. b4 {simplifies} a5 38. Rg4 axb4 39. Rxf4 Rd1+ 40. Rxd1 Rxd1+ 41. Qxd1 Qxf4 42. Qd8+) 37... Kf7 {[%emt 0:00:10] Inhibits Qg8+. ...cxb3 would be deadly.} 38. b4 a5 (38... Rg5 $11 39. Qe2 (39. Qxg5 Rd1+ 40. Rxd1 Qxg5 $17) 39... Rd4) 39. Rh5 $16 {[%emt 0:00:47] White threatens Rxd5 and mate. Really sharp!} Rxh5 {[%emt 0:03:50][%mdl 8192] This costs Black the game.} (39... Re5 $16) 40. Qxh5+ {[%emt 0:00:03][%mdl 4096] Endgame KQR-KQR} Kf8 41. Qxa5 e6 42. Qc5+ Ke8 43. Qc6+ (43. Rg8+ $142 Kd7 44. Qa7+ Kc8 45. Qxh7) 43... Kf8 $18 44. Qc7 (44. Qxc4 Qd4 45. Qxd4 (45. Qxe6 $2 Qxg1+ 46. Kb2 Qg5 $19) 45... Rxd4 $16) 44... Rd5 45. Qxh7 (45. Qxc4 Qd4 46. Qf1 Rd7 $18) 45... Rg5 46. Rf1 (46. Rxg5 $142 Qxg5 47. Qh8+ Kf7 48. h7) 46... Rf5 47. Qb7 Qxh6 48. Rh1 Qg7 49. Qc8+ Kf7 {[%emt 0:00:01] [#]} 50. Rd1 $1 {[%emt 0:01:51] And now Rd7+ would win.} ({Don't take} 50. Qxc4 $6 f3 $16) ({But not} 50. Re1 Qf6 51. Rh1 (51. Qxc4 f3 $16) 51... Qg7 $18) 50... Kf6 51. Qxc4 {[%emt 0:00:15] Threatens to win with Qc3+.} f3 $2 (51... Qf8 $18 52. Qc3+ Kg6) 52. Qc3+ {[%emt 0:00:09][%mdl 64] Skewer. White mates.} e5 53. Qc6+ Kf7 54. Qd7+ {[%emt 0:00:17] Weighted Error Value: White=0.30/Black=0.46} 1-0

[Event "1st Bangalore GM-Open-A 2024"]
[Site "Bangalore"]
[Date "2024.01.19"]
[Round "3.5"]
[White "Aswath, S."]
[Black "Mitrabha, Guha"]
[Result "1/2-1/2"]
[ECO "E06"]
[WhiteElo "2369"]
[BlackElo "2504"]
[Annotator "TA"]
[PlyCount "69"]
[EventDate "2024.01.20"]
[EventType "swiss"]
[EventCountry "IND"]
[SourceTitle "playchess.com"]
[Source "ChessBase"]
[SourceQuality "1"]
[TimeControl "5400+30"]

1. d4 Nf6 2. c4 e6 3. g3 d5 4. Bg2 Be7 5. Nf3 O-O 6. O-O a5 7. Nc3 {[%emt 0:01:44] E06: Closed Catalan: Early deviations.} c6 8. b3 b6 9. Ne5 {[%emt 0:00:52] The position is equal.} Nfd7 {[%emt 0:03:08] [#]} 10. e4 $146 ({Predecessor:} 10. Nd3 Ba6 11. Nb2 b5 12. e4 bxc4 13. bxc4 Nb6 14. Qg4 Kh8 15. exd5 cxd5 16. Bf4 Nxc4 {0-1 Shevchenko,K (2684)-Deac,B (2700) Warsaw Superbet Blitz 2023 (10)}) 10... Nxe5 11. exd5 ({But not} 11. dxe5 dxc4 12. bxc4 Ba6 $15) 11... Bb4 12. Bb2 (12. Na4 $5 ) 12... exd5 13. dxe5 dxc4 14. Qxd8 Rxd8 15. Na4 (15. Rfd1 $5 Rf8 16. bxc4 $14) 15... Ra6 {[%emt 0:05:11] [#] White must now prevent ...b5.} ({Don't take} 15... b5 16. Nb6 Ra6 17. Rad1 $16) 16. Rfd1 Re8 17. bxc4 b5 18. Nc3 Bxc3 19. Bxc3 b4 $1 20. Bb2 Be6 21. c5 a4 {[%emt 0:01:58] Black is weak on the dark squares} 22. Rd4 a3 23. Bc1 Nd7 24. Rxb4 Nxc5 25. Bf1 {[%emt 0:00:49] Against Nd3. This pair of bishops is nice.} Raa8 26. Be3 Nd7 27. f4 Reb8 28. Rxb8+ Nxb8 ({Black should play} 28... Rxb8 $14 29. Bg2 f6) 29. Rd1 $16 {[%emt 0:01:21][%cal Rd1d8] [#]} Kf8 30. Rd3 (30. Rd8+ $16 Ke7 31. Rg8 (31. Rd2 Nd7 $14)) 30... Bxa2 $11 31. Bc5+ Ke8 32. Rxa3 Rxa3 33. Bxa3 Nd7 34. Kf2 f6 35. Bg2 {[%emt 0:01:32] Weighted Error Value: White=0.06 (flawless) /Black=0.08 (flawless)} 1/2-1/2

[Event "1st Bangalore GM-Open-A 2024"]
[Site "Bangalore"]
[Date "2024.01.19"]
[Round "3.6"]
[White "Fedorov, Alexei"]
[Black "Omidi, Arya"]
[Result "1-0"]
[ECO "B21"]
[WhiteElo "2457"]
[BlackElo "2301"]
[Annotator "RC"]
[PlyCount "77"]
[EventDate "2024.01.20"]
[EventType "swiss"]
[EventCountry "IND"]
[SourceTitle "playchess.com"]
[Source "ChessBase"]
[SourceQuality "1"]
[TimeControl "5400+30"]

1. e4 c5 2. Be2 Nc6 3. f4 e6 4. Nf3 d5 5. d3 Bd6 6. O-O Nge7 7. c3 O-O 8. g3 Bd7 9. Be3 f6 10. Nbd2 b6 11. Bf2 Kh8 12. a3 a5 13. a4 Bc7 14. Qc2 e5 15. f5 c4 16. Nh4 cxd3 17. Bxd3 Rc8 18. exd5 Nxd5 19. Be4 Nce7 20. Rfd1 Bc6 21. Nc4 Qe8 22. Qe2 Qf7 23. Rd2 Rcd8 24. Rad1 Kg8 25. Bc2 g5 26. fxg6 hxg6 27. Na3 g5 28. Ng2 Qe6 29. Nb5 Qh3 30. Be4 f5 31. Bxd5+ Rxd5 32. Qc4 Kh8 33. Rxd5 Bxd5 34. Rxd5 Nxd5 35. Qxd5 Qh7 36. Nxc7 Qxc7 37. Qe6 Kh7 38. Ne3 Qf7 39. Qxe5 1-0

[Event "1st Bangalore GM-Open-A 2024"]
[Site "Bangalore"]
[Date "2024.01.19"]
[Round "3.7"]
[White "Dushyant Sharma"]
[Black "Neelash Saha"]
[Result "0-1"]
[ECO "B15"]
[WhiteElo "2357"]
[BlackElo "2446"]
[Annotator "RC"]
[PlyCount "54"]
[EventDate "2024.01.20"]
[EventType "swiss"]
[EventCountry "IND"]
[SourceTitle "playchess.com"]
[Source "ChessBase"]
[SourceQuality "1"]
[TimeControl "5400+30"]

1. e4 c6 2. d4 d5 3. Nc3 dxe4 4. Nxe4 Nf6 5. Nxf6+ exf6 6. c3 Bd6 7. Bd3 O-O 8. Qc2 Re8+ 9. Ne2 h5 10. O-O h4 11. h3 Nd7 12. Bd2 Nf8 13. Rae1 Bc7 14. f4 Qd6 15. c4 Ne6 16. Bc3 b5 17. b3 Ba6 18. Kh1 b4 19. Bb2 Nxf4 20. c5 Bxd3 21. cxd6 Bxc2 22. Nxf4 Bxd6 23. Rc1 Be4 24. Rf2 Kh7 25. Kg1 f5 26. Re1 g5 27. Ne2 Bd3 0-1

[Event "1st Bangalore GM-Open-A 2024"]
[Site "Bangalore"]
[Date "2024.01.19"]
[Round "3.8"]
[White "Srihari L"]
[Black "Sammed Jaykumar, Shete"]
[Result "0-1"]
[ECO "C54"]
[WhiteElo "2288"]
[BlackElo "2441"]
[Annotator "RC"]
[PlyCount "136"]
[EventDate "2024.01.20"]
[EventType "swiss"]
[EventCountry "IND"]
[SourceTitle "playchess.com"]
[Source "ChessBase"]
[SourceQuality "1"]
[TimeControl "5400+30"]

1. e4 e5 2. Nf3 Nc6 3. Bc4 Bc5 4. c3 Nf6 5. d3 d6 6. O-O a5 7. Re1 Ba7 8. Na3 h6 9. Nb5 Bb6 10. d4 O-O 11. Bd3 Bg4 12. Be3 d5 13. dxe5 Bxf3 14. gxf3 Nxe5 15. Bxb6 cxb6 16. exd5 Nxd3 17. Qxd3 Nxd5 18. Re5 Nf4 19. Qxd8 Raxd8 20. Nd4 Rd6 21. Kf1 Nd3 22. Re2 Rfd8 23. Rd1 Nf4 24. Re7 Rf6 25. Rde1 Rd5 26. Re8+ Kh7 27. R1e5 Rc5 28. a4 Nd3 29. Rxc5 bxc5 30. Nb3 b6 31. Re2 Rf4 32. Rd2 Ne5 33. Nc1 Rxa4 34. Ke2 Rh4 35. b3 a4 36. Rd6 axb3 37. Nxb3 Nc4 38. Rd7 f6 39. Nd2 Nxd2 40. Rxd2 Rxh2 41. Rb2 Rh4 42. Rxb6 Rc4 43. Kd3 Rf4 44. Ke3 g5 45. Rb5 Rf5 46. f4 Rxf4 47. Rxc5 h5 48. Rd5 h4 49. f3 Kg6 50. Rd8 Kf5 51. Rc8 Ra4 52. Rc5+ Ke6 53. Rc6+ Ke5 54. Rc5+ Kd6 55. Rc8 Kd5 56. Rf8 Ke6 57. Rc8 Ra5 58. c4 Ra3+ 59. Kf2 Rc3 60. Re8+ Kd6 61. Rd8+ Ke7 62. Rc8 f5 63. c5 Kf6 64. f4 g4 65. c6 h3 66. Rh8 g3+ 67. Kf1 g2+ 68. Kf2 Rc2+ 0-1

[Event "1st Bangalore GM-Open-A 2024"]
[Site "Bangalore"]
[Date "2024.01.19"]
[Round "3.9"]
[White "Nitish Belurkar"]
[Black "Jaiveer Mahendru"]
[Result "1-0"]
[ECO "C83"]
[WhiteElo "2435"]
[BlackElo "2294"]
[Annotator "RC"]
[PlyCount "85"]
[EventDate "2024.01.20"]
[EventType "swiss"]
[EventCountry "IND"]
[SourceTitle "playchess.com"]
[Source "ChessBase"]
[SourceQuality "1"]
[TimeControl "5400+30"]

1. e4 e5 2. Nf3 Nc6 3. Bb5 a6 4. Ba4 Nf6 5. O-O Nxe4 6. d4 b5 7. Bb3 d5 8. dxe5 Be6 9. c3 Be7 10. Nbd2 Nc5 11. Bc2 d4 12. cxd4 Nxd4 13. Nxd4 Qxd4 14. Nf3 Qxd1 15. Rxd1 O-O 16. Nd4 Bd7 17. Be3 Rad8 18. Rac1 Rfe8 19. f4 Ne6 20. Bb3 Nxd4 21. Rxd4 c5 22. Rxd7 Rxd7 23. e6 Bd8 24. exf7+ Rxf7 25. Bxc5 g6 26. Rd1 Kg7 27. Bxf7 Kxf7 28. Rd7+ Ke6 29. Rxh7 Kd5 30. b4 Ke4 31. Ra7 Re6 32. Rd7 Bb6 33. Rd4+ Kf5 34. Bxb6 Rxb6 35. h3 Rc6 36. g4+ Kf6 37. Kg2 Rc2+ 38. Kg3 Rxa2 39. Rd6+ Kf7 40. Kh4 Ra4 41. Kg5 Rxb4 42. Rf6+ Ke7 43. Rxa6 1-0

[Event "1st Bangalore GM-Open-A 2024"]
[Site "Bangalore"]
[Date "2024.01.19"]
[Round "3.10"]
[White "Aakash Sharadchandra, Dalvi"]
[Black "Ilamparthi A R"]
[Result "1/2-1/2"]
[ECO "E94"]
[WhiteElo "2180"]
[BlackElo "2426"]
[Annotator "RC"]
[PlyCount "59"]
[EventDate "2024.01.20"]
[EventType "swiss"]
[EventCountry "IND"]
[SourceTitle "playchess.com"]
[Source "ChessBase"]
[SourceQuality "1"]
[TimeControl "5400+30"]

1. d4 Nf6 2. c4 g6 3. Nc3 Bg7 4. e4 d6 5. Nf3 O-O 6. Be2 e5 7. O-O Bg4 8. d5 a5 9. Be3 Nbd7 10. Ne1 Bxe2 11. Qxe2 Ne8 12. Nd3 b6 13. f3 f5 14. a3 Nef6 15. b4 Rf7 16. c5 axb4 17. axb4 Rxa1 18. Rxa1 bxc5 19. bxc5 fxe4 20. fxe4 dxc5 21. Nxc5 Nxc5 22. Bxc5 Nh5 23. g3 Qg5 24. Be3 Nf4 25. Qd2 Qg4 26. Qd1 Qh3 27. Qf1 Qg4 28. Qd1 Qh3 29. Qf1 Qg4 30. Qd1 1/2-1/2

[Event "1st Bangalore GM-Open-A 2024"]
[Site "Bangalore"]
[Date "2024.01.19"]
[Round "3.11"]
[White "Tahbaz, Arash"]
[Black "Dere Pushkar"]
[Result "1/2-1/2"]
[ECO "A07"]
[WhiteElo "2425"]
[BlackElo "2191"]
[Annotator "RC"]
[PlyCount "100"]
[EventDate "2024.01.20"]
[EventType "swiss"]
[EventCountry "IND"]
[SourceTitle "playchess.com"]
[Source "ChessBase"]
[SourceQuality "1"]
[TimeControl "5400+30"]

1. Nf3 d5 2. g3 g6 3. Bg2 Bg7 4. O-O e5 5. d3 Nc6 6. Nbd2 Nge7 7. e4 O-O 8. b3 h6 9. Bb2 d4 10. Qe2 g5 11. h4 Bg4 12. hxg5 hxg5 13. Ba3 Qd7 14. Qe1 f6 15. Nh2 Bh3 16. Qe2 a5 17. Bxe7 Nxe7 18. a4 Ng6 19. Qh5 Bxg2 20. Kxg2 Kf7 21. Qf3 Rh8 22. Ng4 Rh4 23. Qf5 Nf4+ 24. Kf3 Qxf5 25. exf5 Rh3 26. Ke4 Ne2 27. Kf3 Nc3 28. Rh1 Rxh1 29. Rxh1 Rh8 30. Rxh8 Bxh8 31. Ne4 Nd5 32. Nc5 b6 33. Ne6 Bg7 34. Ke4 Nc3+ 35. Kf3 Nd5 36. Ke2 Bf8 37. f4 gxf4 38. gxf4 Bd6 39. fxe5 Bxe5 40. Kf3 Ke7 41. Nxe5 fxe5 42. Ke4 Kd6 43. Ng5 Nc3+ 44. Kf3 Ke7 45. Ne4 c6 46. Kg4 Nxe4 47. dxe4 b5 48. Kf3 bxa4 49. bxa4 c5 50. c4 Kf6 1/2-1/2

[Event "1st Bangalore GM-Open-A 2024"]
[Site "Bangalore"]
[Date "2024.01.19"]
[Round "3.12"]
[White "Sarwat, Walaa"]
[Black "Deepan Chakkravarthy J."]
[Result "1/2-1/2"]
[ECO "C84"]
[WhiteElo "2175"]
[BlackElo "2422"]
[Annotator "RC"]
[PlyCount "94"]
[EventDate "2024.01.20"]
[EventType "swiss"]
[EventCountry "IND"]
[SourceTitle "playchess.com"]
[Source "ChessBase"]
[SourceQuality "1"]
[TimeControl "5400+30"]

1. e4 e5 2. Nf3 Nc6 3. Bb5 a6 4. Ba4 Nf6 5. d3 b5 6. Bb3 Be7 7. O-O d6 8. a4 b4 9. a5 O-O 10. h3 Rb8 11. Nbd2 Nd7 12. Bd5 Na7 13. c3 c6 14. Bc4 Nc5 15. d4 exd4 16. cxd4 Ne6 17. d5 Nc5 18. Nd4 cxd5 19. exd5 Bd7 20. N2b3 Bf6 21. Nxc5 dxc5 22. Nb3 Bb5 23. Qc2 Rc8 24. Be3 Bd4 25. Rad1 Bxc4 26. Qxc4 Bxe3 27. fxe3 Nb5 28. Rfe1 Qd6 29. Rc1 Qe5 30. Re2 Rfd8 31. Rd1 Nd6 32. Qxa6 c4 33. Nd4 Qxd5 34. Ree1 c3 35. bxc3 bxc3 36. Nc2 Qc5 37. Qb6 Kf8 38. Qxc5 Rxc5 39. a6 Ke7 40. Rd3 Ra8 41. Ra1 f5 42. Nb4 Ke6 43. Rad1 Nb5 44. Rb1 Nc7 45. Rc1 Nb5 46. Rb1 Nc7 47. Rc1 Nb5 1/2-1/2

[Event "1st Bangalore GM-Open-A 2024"]
[Site "Bangalore"]
[Date "2024.01.19"]
[Round "3.13"]
[White "Viani Antonio Dcunha"]
[Black "Nithin Babu"]
[Result "1-0"]
[ECO "E94"]
[WhiteElo "2407"]
[BlackElo "2177"]
[Annotator "RC"]
[PlyCount "161"]
[EventDate "2024.01.20"]
[EventType "swiss"]
[EventCountry "IND"]
[SourceTitle "playchess.com"]
[Source "ChessBase"]
[SourceQuality "1"]
[TimeControl "5400+30"]

1. d4 Nf6 2. c4 g6 3. Nc3 Bg7 4. e4 d6 5. Be2 O-O 6. Nf3 Nbd7 7. O-O e5 8. Be3 Qe7 9. Qc2 c6 10. d5 c5 11. Rae1 Nh5 12. Qc1 Ndf6 13. Bg5 Bd7 14. h3 Rfe8 15. Bd1 Qf8 16. g4 h6 17. Bd2 Nf4 18. Bxf4 exf4 19. Qxf4 Nh7 20. e5 Ng5 21. Nxg5 hxg5 22. Qxg5 Bxe5 23. Ne4 Bxb2 24. h4 Bg7 25. h5 f5 26. Ng3 Qf6 27. Qxf6 Bxf6 28. gxf5 gxf5 29. Bc2 f4 30. Ne4 Be5 31. Kh1 Kh8 32. Rg1 Rg8 33. Ng5 Raf8 34. Bg6 Rg7 35. Ne6 Bxe6 36. dxe6 f3 37. Re4 Rf6 38. Bf7 Rfxf7 39. exf7 Rxf7 40. Rg5 Kh7 41. Kg1 a6 42. a4 b5 43. cxb5 axb5 44. axb5 Rb7 45. Rf5 Rxb5 46. Rxf3 Kh6 47. Rg4 Kxh5 48. Rg8 Rb4 49. Rh3+ Rh4 50. Rxh4+ Kxh4 51. Kg2 c4 52. Kf3 d5 53. Rc8 c3 54. Rc5 Kg5 55. Rxd5 Kf5 56. Rc5 Ke6 57. Ke4 Kd6 58. Rc8 Bf6 59. Rc4 Bg7 60. Ra4 Kc5 61. Kd3 Kd5 62. Re4 Be5 63. Re2 Bf6 64. f4 Kd6 65. f5 Be5 66. Kc4 Bg7 67. Re6+ Kd7 68. Kd5 Bf8 69. Rc6 Bg7 70. f6 Bh8 71. Rd6+ Kc7 72. Rc6+ Kd7 73. Rd6+ Kc7 74. f7 Bg7 75. Rg6 Bf8 76. Ke6 c2 77. Rg1 Ba3 78. Rc1 Bxc1 79. f8=Q Be3 80. Qd6+ Kb7 81. Qb4+ 1-0

[Event "1st Bangalore GM-Open-A 2024"]
[Site "Bangalore"]
[Date "2024.01.19"]
[Round "3.14"]
[White "Tologon tegin, Semetei"]
[Black "Dhananjay S"]
[Result "1/2-1/2"]
[ECO "A11"]
[WhiteElo "2384"]
[BlackElo "2151"]
[Annotator "RC"]
[PlyCount "84"]
[EventDate "2024.01.20"]
[EventType "swiss"]
[EventCountry "IND"]
[SourceTitle "playchess.com"]
[Source "ChessBase"]
[SourceQuality "1"]
[TimeControl "5400+30"]

1. Nf3 Nf6 2. e3 d5 3. c4 e6 4. b3 c6 5. Bb2 Bd6 6. Nc3 O-O 7. d4 b6 8. Bd3 Nbd7 9. O-O Bb7 10. Qe2 Re8 11. Rad1 Qe7 12. Rfe1 Rad8 13. e4 dxe4 14. Nxe4 Nxe4 15. Qxe4 Nf6 16. Qh4 h6 17. Re3 Nd7 18. Qh3 Qf8 19. Rde1 Bb4 20. R1e2 Ba3 21. Bc3 Bc1 22. Bd2 Bxd2 23. Rxd2 Qa3 24. Re1 Nf6 25. Red1 c5 26. dxc5 bxc5 27. Ne1 Qa5 28. Qe3 Kf8 29. Bb1 Ke7 30. f3 Rxd2 31. Rxd2 Rd8 32. Nd3 Rd6 33. Kf1 Nd7 34. Ke2 Qc3 35. Rc2 Qa5 36. Rc1 Qc7 37. h3 a5 38. Bc2 Rd4 39. Rd1 e5 40. Nf2 Nf6 41. Nd3 Nd7 42. Nf2 Nf8 1/2-1/2

[Event "1st Bangalore GM-Open-A 2024"]
[Site "Bangalore"]
[Date "2024.01.19"]
[Round "3.15"]
[White "Aquino, Jethro Dino"]
[Black "Sethuraman, S.P."]
[Result "0-1"]
[ECO "B90"]
[WhiteElo "2166"]
[BlackElo "2594"]
[Annotator "TA"]
[PlyCount "95"]
[EventDate "2024.01.20"]
[EventType "swiss"]
[EventCountry "IND"]
[SourceTitle "playchess.com"]
[Source "ChessBase"]
[SourceQuality "1"]
[TimeControl "5400+30"]

1. e4 c5 2. Nf3 d6 3. d4 cxd4 4. Nxd4 Nf6 5. Nc3 a6 6. f3 e5 7. Nb3 Be6 8. Be3 h5 {[%emt 0:00:15] The modern move.} 9. Be2 {[%emt 0:00:51] B90: Sicilian Najdorf: Unusual White 6th moves, 6 Be3 Ng4 and 6 Be3 e5.} Nbd7 10. f4 Qc7 11. h3 {[%emt 0:02:32] [#] White is slightly better.} (11. f5 $5 Bc4 12. O-O $11) 11... h4 $146 ({Predecessor:} 11... b5 12. a3 Nb6 13. O-O Be7 14. Qe1 Rb8 15. f5 Bd7 16. Bd3 d5 17. exd5 Nbxd5 18. Nxd5 Nxd5 {0-1 Xu,Y (2527)-Duda,J (2724) Titled Tuesday intern op 02nd May Early blitz 2023 (4)}) 12. f5 Bc4 13. Bxc4 (13. O-O {with more complications.} Be7 14. a4 d5 15. Nxd5 Nxd5 16. exd5 Nb6 17. Bxb6 Qxb6+ 18. Kh1) 13... Qxc4 14. Qe2 (14. Qf3 $11) 14... Rc8 (14... Qxe2+ $1 $15 15. Kxe2 Rc8) 15. Qxc4 $11 Rxc4 16. Nd2 Rc8 17. O-O-O b5 18. Rhe1 Be7 19. Kb1 Bd8 20. Nb3 {[%emt 0:10:57] Dodges Ba5} b4 21. Nd5 Nxe4 22. Nxb4 a5 23. Nd5 Ng3 24. Nd2 (24. Bd2 $11) 24... Nxf5 ({Black should play} 24... Nf6 $1 $15 25. Nc3 Nxf5) 25. Ne4 Rc6 26. b3 {[%emt 0:10:36] [#]} O-O (26... Nf6 $1 $17 27. Bc1 Kd7) 27. c4 Nc5 $36 {[%emt 0:04:12][%mdl 2048] Black has the initiative.} 28. Nec3 {[%emt 0:09:04] Black keeps a firm grip on the game.} (28. Bf2 $15) 28... Nxe3 $17 29. Nxe3 f5 30. Kc2 Ne6 31. Nb5 {[%emt 0:00:27] [#]} Be7 32. Nd5 Bg5 33. a4 Rd8 34. b4 (34. Na7 $142 Rc5 35. Nb5) 34... axb4 $19 (34... Rxc4+ $2 {perishes.} 35. Kb3 Rc6 36. bxa5 Nc5+ 37. Ka3 $19) 35. Nxb4 (35. Kb3 {is the only way for White.} Nc5+ 36. Kxb4) 35... Rxc4+ 36. Kb3 Rc5 37. Na6 Rcc8 38. Re2 e4 {[%emt 0:03:55] Strongly threatening ...d5.} 39. Rc2 Rxc2 40. Kxc2 d5 41. Nb4 d4 42. Kb3 d3 43. Kc4 Rc8+ 44. Kd5 Nf4+ 45. Ke5 Nxg2 {[%emt 0:00:08] Hoping for ...d2.} 46. Nxd3 Ne3 47. Ra1 exd3 48. Kd4 {[%emt 0:01:03] Weighted Error Value: White=0.64/Black=0.10 (very precise)} 0-1